 Dungeon Crawl Stone Soup version 0.29-a0-923-g6e406bff71 (webtiles) character file.

Game seed: 4235689612341002664

3999 Aviak the Thaumaturge (level 10, -1/72 HPs)
             Began as a Djinni Fire Elementalist on July 27, 2022.
             Was a Follower of Cheibriados.
             Slain by a spriggan
             ... wielding a +0 trident
              (4 damage)
             ... in a bailey.
             The game lasted 00:14:16 (8034 turns).

Aviak the Thaumaturge (Djinni Fire Elementalist)    Turns: 8034, Time: 00:14:16

Health: -1/72      AC:  7    Str:  9    XL:     10   Next: 46%
Gold:   309        EV: 10    Int: 21    God:    Cheibriados [*.....] SH:  8 Dex: 18

rFire   + + .      SeeInvis .   d - +2 falchion (vorpal)
rCold   x . .      Faith    .   D - +0 kite shield
rNeg    . . .      Spirit   .   r - +1 robe {Will+}
rPois   ∞          Reflect  .   E - +2 helmet
rElec   .          Harm     .   n - +0 cloak
rCorr   .          Rampage  .   (no gloves)
Will    ++...                   (boots unavailable)
Stlth   ++........              (no amulet)
HPRegen 0.22/turn               (no ring)
MPRegen 0.00/turn               (no ring)

@: flying, very slow
A: sickness immunity, fire resistance 2, cold vulnerability 1, float, innate
caster, HP casting, extra vitality 1
a: Renounce Religion, Bend Time


You were in a bailey.
You worshipped Cheibriados.
Cheibriados was aware of your devotion.
You visited 2 branches of the dungeon, and saw 8 of its levels.
You visited the Abyss 1 time.
You also visited: Bailey.

You collected 309 gold pieces.

Inventory:

Hand Weapons
 d - a +2 vorpal falchion (weapon)
Missiles
 F - 2 throwing nets {!f}
Armour
 l - a +0 tower shield
 n - a +0 cloak (worn)
 r - a +1 robe of willpower (worn)
 D - a +0 kite shield (worn)
 E - a +2 helmet (worn)
Jewellery
 A - a +4 ring of protection
Wands
 s - a wand of light (24)
 y - a wand of flame (42)
 G - a wand of charming (11)
Scrolls
 a - a scroll of immolation
 b - 2 scrolls of butterflies {unknown}
 g - 2 scrolls of enchant weapon {unknown}
 j - 2 scrolls of poison {unknown}
 k - 2 scrolls of fear
 p - 3 scrolls of vulnerability {!r}
 t - 2 scrolls of teleportation
 u - a scroll of torment {!r}
 w - 2 scrolls of noise {!r!r}
 x - a scroll of magic mapping
 z - a scroll of blinking {unknown}
Potions
 e - a potion of brilliance {unknown}
 f - a potion of haste
 h - 2 potions of might
 i - a potion of degeneration {unknown}
 m - a potion of ambrosia {unknown}
 o - a potion of heal wounds {unknown}
 q - 2 potions of attraction {unknown}
 v - a potion of berserk rage {unknown}
 B - a potion of resistance
 C - a potion of cancellation {unknown}


   Skills:
 - Level 6.0 Fighting
 - Level 2.1 Dodging
 - Level 1.5 Stealth
 * Level 9.5 Spellcasting
 + Level 5.5 Invocations


You had 5 spell levels left.
You knew the following spells:

 Your Spells              Type           Power      Damage    Failure   Level
a - Foxfire               Conj/Fire      100%       2x1d9     1%          1
b - Scorch                Fire           100%       2d10      1%          2
c - Conjure Flame         Conj/Fire      50%        6-21      1%          3
d - Inner Flame           Hex/Fire       50%        N/A       1%          3
e - Flame Wave            Conj/Fire      50%        2d12      4%          4
f - Beastly Appendage     Tmut           100%       N/A       1%          1
g - Static Discharge      Conj/Air       50%        3-10/arc  1%          2
h - Ignite Poison         Fire/Tmut/Pois 50%        N/A       1%          3
i - Animate Armour        Summ/Erth      100%       N/A       4%          4
Your spell library was empty.

Dungeon Overview and Level Annotations

Branches:
Dungeon (7/15) Zot: 40093  Temple (1/1) D:6 Zot: 8563  Bailey (1/1) Zot: 8436

Altars:
Ashenzari
Cheibriados
Dithmenos
Elyvilon
Fedhas
Gozag
Hepliaklqana
Makhleb
Nemelex Xobeh
Okawaru
Qazlal
Ru
Trog
Uskayaw
Wu Jian
Xom
Yredelemnul
Zin
Lugonu

Shops:
D:1 [**[*   D:4 (

Portals:
Abyss: D:5


Innate Abilities, Weirdness & Mutations

You are immune to sickness and miasma.
You are immune to poison.
Your flesh is very heat resistant. (rF++)
You are vulnerable to cold. (rC-)
You float through the air rather than walking.
You learn spells naturally, not from books.
Your magical power is your life essence.
You have superior vitality. (+4 MHP)


Message History

The spriggan splashes around in the water.
Unknown command.
Casting: Scorch (safe; 1% risk of failure)
Confirm with . or Enter, or press ? or * to list all spells.
Flames lash the spriggan but do no damage.
* * * LOW HITPOINT WARNING * * *
The spriggan hits you from afar with a +0 trident.
* * * LOW HITPOINT WARNING * * *
Casting: Scorch (safe; 1% risk of failure)
Confirm with . or Enter, or press ? or * to list all spells.
Flames lash the spriggan.
The spriggan resists.
The spriggan is almost dead.
* * * LOW HITPOINT WARNING * * *
The spriggan hits you from afar with a +0 trident!
* * * LOW HITPOINT WARNING * * *
Unknown command.
Okay, then.
Aiming: Bolt of Light
Press: ? - help, Shift-Dir - straight line, f - spriggan
Aim: a spriggan, wielding a +0 trident and wearing the +2 fire dragon scales of Poor Excuses {rF++ rC- rN+ Regen+ rCorr MP+9} (almost dead, more vulnerable to fire, 46% to hit)
Okay, then.
You feel better.
The spriggan hits you from afar with a +0 trident!
* * * LOW HITPOINT WARNING * * *
Okay, then.
Casting: Scorch (safe; 1% risk of failure)
Confirm with . or Enter, or press ? or * to list all spells.
Okay, then.
Casting: Scorch (safe; 1% risk of failure)
Confirm with . or Enter, or press ? or * to list all spells.
You don't have enough health to cast this spell.
Okay, then.
Okay, then.
Okay, then.
Aiming: Bolt of Light
Press: ? - help, Shift-Dir - straight line, f - spriggan
Aim: a spriggan, wielding a +0 trident and wearing the +2 fire dragon scales of Poor Excuses {rF++ rC- rN+ Regen+ rCorr MP+9} (almost dead, more vulnerable to fire, 46% to hit)
The bolt of light misses the spriggan.
The spriggan hits you from afar with a +0 trident.
You die...

#. ### #..
##.## #..#
##...## #..♣
#.....# ##..#
##.....###..♣
#...∩@.≈≈)..#
#......i≈≈..#
#......≈≈≈..#
#......≈)≈..#
#...∩..≈))..#
##.....###.)##
#.....# ##..♣#
##...## ##..##
# ##.##
##..#####♣#


You could see a spriggan (combustible).

Vanquished Creatures
  A two-headed ogre (Bailey)
  Maggie (D:6)
  Sigmund (D:4)
  A wyvern (D:7)
  2 spriggans (Bailey)
  2 steam dragons
  Menkaure (D:4)
  A sky beast (D:5)
  2 ice beasts
  6 ogres
  A phantom (D:5)
  A kobold brigand (D:5)
  4 necrophages
  A gnoll sergeant (D:6)
  A bullfrog (D:7)
  A scorpion (D:5)
  5 wights (D:7)
  A howler monkey (D:6)
  A hound (D:3)
  Crazy Yiuf (D:4)
  3 jellies
  2 iguanas
  Ijyb (D:5)
  10 gnolls
  5 adders
  A white imp (D:7)
  A worm (D:2)
  2 dart slugs (D:1)
  4 orcs
  3 ball pythons
  2 bats
  7 endoplasms
  4 giant cockroaches
  4 hobgoblins
  4 jackals
  5 quokkas
  5 frilled lizards
  7 goblins
  6 kobolds
  6 rats
117 creatures vanquished.

Vanquished Creatures (others)
  An ogre (Bailey)
  135 foxfires
136 creatures vanquished.

Grand Total: 253 creatures vanquished

Notes
Turn   | Place    | Note
-------+----------+-------------------------------------------
     0 | D:1      | Aviak the Djinni Fire Elementalist began the quest for the
                  | Orb.
     0 | D:1      | Aviak set off with the following spells memorised: Foxfire,
                  | Scorch, Conjure Flame, Inner Flame, Flame Wave.
     0 | D:1      | Reached XP level 1. HP: 15/15 MP: 0/0
   311 | D:1      | Reached XP level 2. HP: 19/22 MP: 0/0
   378 | D:1      | Found Ohuinank's Armour Boutique.
   385 | D:1      | Found Wolanikk's Assorted Antiques.
   423 | D:1      | Found Senatey's General Store.
   557 | D:1      | Reached skill level 1 in Fighting
   684 | D:1      | Found Fajoz's Assorted Antiques.
   824 | D:1      | Found Hodawob's Armour Boutique.
  1086 | D:1      | Reached XP level 3. HP: 26/27 MP: 0/0
  1086 | D:1      | Learned a level 1 spell: Beastly Appendage
  1091 | D:1      | Reached skill level 3 in Spellcasting
  1297 | D:1      | Found a faded altar of an unknown god.
  1923 | D:2      | Reached XP level 4. HP: 28/33 MP: 0/0
  2476 | D:3      | Identified the +1 robe "Hom Areg" {rPois}
  3099 | D:4      | Noticed Sigmund
  3108 | D:3      | Reached XP level 5. HP: 26/39 MP: 0/0
  3108 | D:3      | Learned a level 2 spell: Static Discharge
  3236 | D:4      | Killed Sigmund
  3237 | D:4      | Reached skill level 4 in Spellcasting
  3237 | D:4      | Reached XP level 6. HP: 36/46 MP: 0/0
  3331 | D:4      | Noticed Menkaure
  3337 | D:4      | Killed Menkaure
  3338 | D:4      | Reached XP level 7. HP: 42/50 MP: 0/0
  3338 | D:4      | Learned a level 3 spell: Ignite Poison
  3434 | D:4      | Reached skill level 5 in Spellcasting
  3527 | D:4      | Found Ciquopt's Firing Range.
  4229 | D:4      | Found a runed translucent door.
  4230 | D:4      | Noticed Crazy Yiuf
  4238 | D:4      | Killed Crazy Yiuf
  4350 | D:5      | Entered Level 5 of the Dungeon
  4354 | D:5      | Noticed Ijyb
  4361 | D:5      | Killed Ijyb
  4622 | D:5      | Reached XP level 8. HP: 46/58 MP: 0/0
  4626 | D:5      | Reached skill level 6 in Spellcasting
  4732 | D:5      | Found a large runed translucent door.
  4732 | D:5      | Found a large runed translucent door.
  4738 | D:5      | Found a corrupted altar of Lugonu.
  4821 | D:5      | Reached skill level 5 in Fighting
  4926 | D:5      | Identified the +8 rapier of Light {distort, *Noise rC+ rN+}
  4928 | D:5      | Found a one-way gate to the infinite horrors of the Abyss.
  5438 | Abyss:2  | Cast into level 2 of the Abyss (kobold brigand)
  5481 | D:5      | Escaped the Abyss
  5797 | D:6      | Found a staircase to the Ecumenical Temple.
  5799 | D:6      | Noticed Maggie
  5811 | D:6      | Killed Maggie
  5812 | D:6      | Reached skill level 7 in Spellcasting
  5812 | D:6      | Reached XP level 9. HP: 21/66 MP: 0/0
  5812 | D:6      | Learned a level 4 spell: Animate Armour
  5819 | Temple   | Entered the Ecumenical Temple
  6064 | Temple   | Became a worshipper of Cheibriados the Contemplative
  6156 | D:6      | Reached skill level 1 in Invocations
  7128 | D:6      | Found a glowing silver altar of Zin.
  7129 | D:6      | Found a hide-covered altar of Uskayaw.
  7129 | D:6      | Found a burning altar of Makhleb.
  7160 | D:7      | Reached skill level 8 in Spellcasting
  7371 | D:7      | Found a flagged portal.
  7493 | Bailey   | Entered a bailey
  7624 | Bailey   | Reached * piety under Cheibriados
  7637 | Bailey   | Reached XP level 10. HP: 32/72 MP: 0/0
  7893 | Bailey   | Noticed a two-headed ogre
  7897 | Bailey   | Reached skill level 9 in Spellcasting
  7899 | Bailey   | Identified the +2 fire dragon scales of Poor Excuses {rF++
                  | rC- rN+ Regen+ rCorr MP+9}
  7928 | Bailey   | Killed a two-headed ogre
  7929 | Bailey   | Reached skill level 5 in Invocations
  8033 | Bailey   | HP: 2/72 [spriggan/+0 trident (11)]
  8034 | Bailey   | Slain by a spriggan

Illustrated notes

Levels and vault maps discovered:
D:1:      minmay_arrival_hallway, layout_basic,
          hellmonk_ecumenical_altar_slurped_away, serial_shops,
          nicolae_shop_overgrown_old_shop, nicolae_shop_behind_doors,
          nicolae_shop_hallway_plus, shop, shop
D:2:      layout_basic
D:3:      layout_rooms
D:4:      layout_basic, nicolae_shop_firing_range, uniq_crazy_yiuf_cottage,
          uniq_sigmund, uniq_menkaure
D:5:      due_chaos_kobolds, layout_rooms, uniq_ijyb
D:6:      layout_cave_pods, gammafunk_temple_overflow_claw,
          minmay_temple_entry_statues_fountains,
          minmay_fractal_squares_gapless_5, uniq_maggie
D:7:      layout_loops_cross, enter_bailey_8
Temple:   dpeg_three_leaves_temple
Bailey:   bailey_polearm_enchanted_keep_hellmonk, bailey

Skill      XL: |  1  2  3  4  5  6  7  8  9 10 |
---------------+-------------------------------+-----
Fighting       | 1 2 3 4 5 6 |  6.0
Spellcasting   | 3 4 5 7 8 9 |  9.5
Invocations    | 4 5 |  5.5
Dodging        | |  2.1
Stealth        | |  1.5

Action                   |  1- 3 |  4- 6 |  7- 9 | 10-12 || total
-------------------------+-------+-------+-------+-------++-------
Melee: Falchion          |    45 |    19 |     9 |       ||    73
       Punch             |     1 |       |       |       ||     1
 Cast: Foxfire           |    37 |    24 |     1 |    10 ||    72
       Scorch            |       |     7 |   107 |    17 ||   131
       Conjure Flame     |       |     1 |     6 |       ||     7
       Static Discharge  |       |       |     3 |       ||     3
       Inner Flame       |       |       |     2 |       ||     2
       Flame Wave        |       |       |     5 |       ||     5
Evoke: Wand              |       |       |       |     4 ||     4
  Use: Potion            |       |     1 |     1 |     1 ||     3
       Scroll            |       |       |    10 |     1 ||    11
 Stab: Sleeping          |     2 |       |     2 |       ||     4
Armor: Robe              |     5 |    10 |    15 |     1 ||    31
Dodge: Dodged            |    31 |    12 |    36 |     2 ||    81
Block: Kite shield       |       |       |     3 |     1 ||     4

Table legend: (Time is in decaauts)
 A = Elapsed time spent in this place.
 B = Non-inter-level travel time spent in this place.
 C = Inter-level travel time spent in this place.
 D = Time resting spent in this place.
 E = Time spent auto-exploring this place.
 F = Levels seen in this place.
 G = Mean time per level.
                   A        B        C        D        E       F      G
               +--------+--------+--------+--------+--------+-----+--------+
         Total |   8350 |   8090 |    260 |   2244 |   4591 |  10 |  835.0 |
       Dungeon |   7444 |   7202 |    242 |   1608 |   4505 |   7 | 1063.4 |
        Temple |    313 |    296 |     17 |    204 |     49 |   1 |  313.0 |
         Abyss |     28 |     28 |      0 |      0 |      0 |   1 |   28.0 |
        Bailey |    564 |    564 |      0 |    432 |     37 |   1 |  564.0 |
               +--------+--------+--------+--------+--------+-----+--------+

Top non-repeatable levels by time:
     D:1: 1437 daAuts
     D:4: 1355 daAuts
     D:6: 1286 daAuts
     D:5: 1149 daAuts
     D:3: 950 daAuts
     D:2: 857 daAuts
  Bailey: 564 daAuts
     D:7: 406 daAuts
  Temple: 313 daAuts
 Abyss:2: 28 daAuts
